 Dungeon Crawl Stone Soup version 0.24-a0-205-g1d96822 (webtiles) character file.

Game seed: 6676861868226434118

35 Ijustatesigmund the Cudgeler (level 3, -2/26 HPs)
             Began as an Octopode Monk on Mar 28, 2019.
             Slain by Robin
             ... wielding a +0 whip
              (6 damage)
             ... on level 1 of the Dungeon.
             The game lasted 00:02:09 (1445 turns).

Ijustatesigmund the Cudgeler (Octopode Monk)        Turns: 1445, Time: 00:02:10

Health: -2/26      AC:  1    Str: 10    XL:     3   Next: 33%
Magic:  3/3        EV: 14    Int: 12    God:
Gold:   35         SH:  0    Dex: 15    Spells: 2/2 levels left

rFire    . . .     SeeInvis .   a - +0 mace
rCold    . . .     Gourm    .   (no shield)
rNeg     . . .     Faith    .   (helmet restricted)
rPois    .         Spirit   .   g - amulet of the acrobat
rElec    .         Reflect  .   (no ring)
rCorr    .         Harm     .   (no ring)
MR       .....                  (no ring)
Stlth    ++++......             (no ring)
HPRegen  0.08/turn              (no ring)
MPRegen  0.08/turn              (no ring)
                                (no ring)
                                (no ring)

@: hasted, very quick
A: almost no armour, stealthy swim, amphibious, 8 rings, constrict 8, camouflage
1, gelatinous body 1
a: no special abilities


You were on level 1 of the Dungeon.
You were hungry.

You visited 1 branch of the dungeon, and saw 2 of its levels.

You collected 35 gold pieces.

Inventory:

Hand Weapons
 a - a +0 mace (weapon)
Jewellery
 g - an amulet of the acrobat (around mantle)
Scrolls
 f - a scroll of teleportation {unknown}
 i - a scroll of immolation {unknown}
Potions
 d - a potion of magic
 e - a potion of flight
Comestibles
 b - 4 rations


   Skills:
 - Level 3.0 Fighting
 * Level 3.9 Maces & Flails
 - Level 3.0 Dodging
 + Level 3.7 Stealth


You had 2 spell levels left.
You didn't know any spells.
Your spell library was empty.

Dungeon Overview and Level Annotations

Branches:
Dungeon (2/15)

Altars:

Annotations:
D:1 Robin


Innate Abilities, Weirdness & Mutations

You cannot wear most types of armour.
You are very stealthy in the water. (Stealth+)
You are amphibious.
You can wear up to eight rings at the same time.
You can use your tentacles to constrict eight enemies at once.
Your skin changes colour to match your surroundings (Stealth+).
Your rubbery body absorbs attacks. (AC +1, EV +1)


Message History

Things that are here:
a stone; a goblin skeleton You closely miss the goblin.
You grab the goblin. You constrict the goblin. The goblin closely misses you.
The goblin barely misses you.
You sock the goblin!
You kill the goblin!
The goblin hits you. Robin throws the goblin at you!
The goblin closely misses you.
You closely miss the goblin. Your grab misses the goblin.
Your squeeze misses the goblin. The goblin barely misses you.
Robin completely misses you.
You closely miss the goblin. Your grab misses the goblin. The goblin hits you.
Robin hits you with a +0 whip.
You hit the goblin but do no damage. Your grab misses the goblin.
The goblin hits you.
* * * LOW HITPOINT WARNING * * *
Robin completely misses you.
It was a potion of haste.
You feel yourself speed up. The goblin closely misses you.
Robin hits you with a +0 whip.
You die...

#......# #.. #......# #..
#......# ### #......####
##################
##.........#####.................
.[.............).(...........####
...(#.##...#####>)...............
..(.#.#....'...#g#.........#.....
...)#.#....###.#@#.##......#.....
....#.#......#.#g#.##......#[....
....#.#.####.###.#.##.(....#.....
......#....................#.####
......#.#..#.###.#.####....#.####
......#.#.............'....'.....
...#.......#.#..(#.####....##....
...#..######.#.###.# #....##....
...#.........#.....##########.(..


You could see Robin and a goblin.

Vanquished Creatures
  An ooze (D:1)
  A dart slug (D:1)
  3 hobgoblins (D:1)
  3 kobolds (D:1)
  A quokka (D:2)
  2 bats (D:1)
  4 frilled lizards (D:1)
  10 goblins
  A rat (D:1)
26 creatures vanquished.

Notes
Turn   | Place    | Note
-------+----------+-------------------------------------------
     0 | D:1      | Ijustatesigmund the Octopode Monk began the quest for the
                  | Orb.
     0 | D:1      | Reached XP level 1. HP: 16/16 MP: 1/1
   260 | D:1      | Reached XP level 2. HP: 21/21 MP: 2/2
   853 | D:2      | Reached XP level 3. HP: 26/26 MP: 3/3
   858 | D:2      | Noticed Robin
  1445 | D:1      | Slain by Robin

Levels and vault maps discovered:
D:1:      shiori_arrival_oz, layout_basic, minivault_26
D:2:      layout_loops_ring, minmay_pentomino_o4, uniq_jessica, uniq_robin

Skill      XL: |  1 |
---------------+----+-----
Stealth        | 3 |  3.7
Fighting       | |  3.0
Maces & Flails | |  3.9
Dodging        | |  3.0

Action                   || total
-------------------------++-------
Melee: Mace              ||    56
       Tentacles         ||     8
       Constrict         ||    13
  Use: Scroll            ||     2
       Potion            ||     1
 Stab: Sleeping          ||     7
  Eat: Chunk             ||     1
Armor: Skin              ||     7
Dodge: Dodged            ||    67

Table legend:
 A = Non-vault XP
 B = Vault XP
 C = Vault XP percentage of total XP
 D = Non-vault monster count
 E = Vault monster count
 F = Vault count percentage of total count
                 A         B        C        D         E       F
            +---------+---------+-------+---------+---------+-------
      Total |      29 |      21 |  42.0 |      15 |      11 |  42.3
            +---------+---------+-------+---------+---------+-------
        D:1 |      29 |      17 |  37.0 |      15 |       9 |  37.5
        D:2 |       0 |       4 | 100.0 |       0 |       2 | 100.0
            +---------+---------+-------+---------+---------+-------
